 Dungeon Crawl Stone Soup version 0.32-a0-128-g77eb882913 (webtiles) character file.

Game seed: 13462023096988315013

5077 CougarLife the Spear-Bearer (level 10, -3/63 HPs)
             Began as a Merfolk Summoner on Feb 7, 2024.
             Was an Initiate of Gozag.
             Succumbed to a kobold brigand's curare-tipped dart
             ... on level 8 of the Dungeon.
             The game lasted 00:23:21 (8536 turns).

CougarLife the Spear-Bearer (Merfolk Summoner)      Turns: 8536, Time: 00:23:22

Health: -3/63      AC:  6    Str:  9    XL:     10   Next: 56%
Magic:  3/21       EV: 22    Int: 18    God:    Gozag
Gold:   897        SH:  0    Dex: 15    Spells: 9/23 levels left

rFire   + . .        K - +3 trident (drain)
rCold   + . .        (no shield)
rNeg    . . .        a - +0 robe
rPois   .            i - +2 hat
rElec   .            E - scarf {rC+ rF+}
rCorr   .            J - +0 pair of gloves
SInv    .            y - +0 pair of boots
Will    .....        (no amulet)
Stlth   ++           q - +5 ring of evasion
HPRegen 0.30/turn    I - +5 ring of evasion
MPRegen 0.17/turn

%: no passive effects
@: lethally poisoned (-3 -> -23), gold aura, unable to call your familiar,
slowed, very slow
A: (nimble swimmer 2), mertail
a: Renounce Religion, Potion Petition, Call Merchant, Bribe Branch


You were on level 8 of the Dungeon.
You worshipped Gozag.
Gozag was pleased with you.
You visited 2 branches of the dungeon, and saw 9 of its levels.

You collected 990 gold pieces.
You paid 93 gold pieces to Gozag.

Inventory:

Hand Weapons
 K - a +3 trident of draining (weapon)
Missiles
 n - a throwing net
Armour
 a - a +0 robe (worn)
 i - a +2 hat (worn)
 y - a +0 pair of boots (worn)
 E - a scarf of resistance (worn)
 J - a +0 pair of gloves (worn)
Jewellery
 q - a +5 ring of evasion (left hand)
 r - a ring of positive energy
 s - a ring of fire
 I - a +5 ring of evasion (right hand)
Wands
 k - a wand of flame (53)
 m - a wand of digging (9)
 G - a wand of paralysis (8)
Scrolls
 c - 9 scrolls of identify {unknown}
 d - 3 scrolls of vulnerability {unknown}
 h - 3 scrolls of teleportation {unknown}
 u - a scroll of fear {unknown}
 w - 2 scrolls of enchant armour {unknown}
 C - a scroll of revelation {unknown}
 D - a scroll of immolation {unknown}
 F - a scroll of noise {unknown}
 H - a scroll of brand weapon {unknown}
Potions
 b - a potion of magic
 e - 2 potions of curing
 g - 2 potions of resistance {unknown}
 j - 3 potions of attraction {unknown}
 l - 2 potions of degeneration {unknown}
 o - a potion of might {unknown}
 p - a potion of lignification {unknown}
 t - 2 potions of mutation {unknown}
 v - a potion of cancellation {unknown}
 x - a potion of haste {unknown}
 z - a potion of invisibility {unknown}
 A - a potion of enlightenment {unknown}
 B - a potion of heal wounds {unknown}


   Skills:
 + Level 9.8 Polearms
 - Level 2.6 Dodging
 - Level 2.1 Stealth
 + Level 7.3 Spellcasting
 + Level 8.8 Summonings
 - Level 5.0 Fire Magic
 + Level 2.5 Air Magic


You had 9 spell levels left.
You knew the following spells:

 Your Spells              Type           Power      Damage    Failure   Level
a - Summon Small Mammal   Summ           100%       N/A       1%          1
b - Call Imp              Summ           76%        N/A       1%          2
c - Call Canine Familiar  Summ           38%        N/A       1%          3
d - Summon Blazeheart Go  Fire/Summ      31%        N/A       6%          4
e - Summon Lightning Spi  Summ/Air       27%        N/A       10%         4

Your spell library contained the following spells:

 Spells                   Type           Power      Damage    Failure   Level
 Summon Ice Beast         Ice/Summ       22%        N/A       4%          3
 Magic Dart               Conj           24%        1d4       11%         1
 Volatile Blastmotes      Fire/Tloc      30%        2d12      11%         3
 Searing Ray              Conj           12%        2d4       16%         2
 Animate Armour           Summ/Erth      44%        N/A       17%         4
 Dazzling Flash           Conj/Hex       12%        N/A       30%         3
 Stone Arrow              Conj/Erth      12%        3d7       30%         3
 Summon Mana Viper        Hex/Summ       22%        N/A       43%         5
 Fulminant Prism          Conj/Alch      3%         3d5       71%         4
 Monstrous Menagerie      Summ           19%        N/A       93%         7
 Starburst                Conj/Fire      7%         6d4       99%         6
 Lehudib's Crystal Spear  Conj/Erth      3%         10d2      100%        8
 Maxwell's Capacitive Co  Air            7%         ∞         100%        8


Dungeon Overview and Level Annotations

Branches:
Dungeon (8/15)             Temple (1/1) D:6
   Lair: D:8-11

Altars:
Ashenzari
Cheibriados
Dithmenos
Elyvilon
Fedhas
Gozag
Hepliaklqana
Kikubaaqudgha
Makhleb
Nemelex Xobeh
Okawaru
Qazlal
Sif Muna
Trog
Uskayaw
Vehumet
Wu Jian
Xom
Yredelemnul
Zin
The Shining One

Shops:
D:7 *

Annotations:
D:3 2 transporters


Innate Abilities, Weirdness & Mutations

((You are very nimble when in or above water. (Stealth+, EV+, Speed+++)))
Your lower body shifts to a powerful aquatic tail in water.


Message History

Your inugami hits the kobold brigand.
Your blazeheart golem closely misses the orc.
Reach: K) +3 trident (drain)
Press: ? - help, Dir - move target, f/p - orc
Aim: an orc, wielding a +0 club and wearing a +0 scale mail (ally target, about 31% to evade your +3 trident of draining)
You reach to attack!
You closely miss the orc.
The orc hits your blazeheart golem but does no damage.
The kobold brigand misses your inugami.
Reach: K) +3 trident (drain)
Press: ? - help, Dir - move target, f/p - orc
Aim: an orc, wielding a +0 club and wearing a +0 scale mail (ally target, about 31% to evade your +3 trident of draining)
You could not reach far enough!
Your inugami hits the kobold brigand!
The orc hits your blazeheart golem with a +0 club.
Your blazeheart golem falls apart, revealing its core!
The kobold brigand barely misses your inugami.
Unknown command.
Your blazeheart core explodes!
The fiery explosion engulfs your inugami!
You kill your inugami!
Your inugami disappears in a puff of smoke!
The fiery explosion engulfs the orc!
You kill the orc!
The kobold brigand throws a curare-tipped dart.
The curare-tipped dart hits you.
You are poisoned.
You have difficulty breathing.
* * * LOW HITPOINT WARNING * * *
You feel yourself slow down.
* * * LOW HITPOINT WARNING * * *
You feel very sick.
* * * LOW HITPOINT WARNING * * *
You feel very sick.
The kobold brigand throws a curare-tipped dart.
The curare-tipped dart hits you.
You are lethally poisoned!
You have difficulty breathing.
* * * LOW HITPOINT WARNING * * *
You feel as though you will be slow longer.
You die...
Your body crumbles into a pile of gold.

#################
#....#.....#....#
#....#.....#....#
#....'.....#....#
#....#.....#....#.......
#####.####...###...#........
..#...####...###@..#........
..#.....$..........#........
..#........K.......#........
..##..##....########........
..##..#######...............
..........YoK...............
............#...............
###########+#...............
..##..##.......#####........


You could see a kobold brigand.

Vanquished Creatures
  Pikel (D:7)
  Maggie (D:7)
  A vampire (D:7)
  5 yaks (D:8)
  2 steam dragons (D:8)
  A water moccasin (D:8)
  2 orc warriors
  A kobold brigand (D:6)
  2 bullfrogs
  A killer bee (D:8)
  A bombardier beetle (D:3)
  An iguana (D:5)
  A dart slug (D:2)
  A ribbon worm (D:3)
  6 orcs
  4 ball pythons
  2 endoplasms
  2 goblins
  A hobgoblin (D:2)
  A jackal (D:2)
  8 kobolds
  A quokka (D:2)
  2 bats
  A rat (D:3)
49 creatures vanquished.

Vanquished Creatures (collateral kills)
  Jeremiah (D:7)
  2 yaks (D:8)
  3 sky beasts
  A black bear (D:6)
  An ogre (D:4)
  A centaur (D:7)
  Blork the orc (D:5)
  3 kobold brigands
  2 bullfrogs (D:6)
  A scorpion (D:6)
  4 wights
  5 killer bees
  2 bombardier beetles
  A hound (D:7)
  5 orc priests
  A jelly (D:5)
  3 iguanas
  3 orc wizards
  2 nameless horrors
  3 gnolls (D:7)
  5 adders
  A white imp (D:5)
  An ufetubus (D:6)
  2 dart slugs
  2 ribbon worms (D:2)
  14 orcs
  4 bats
  3 endoplasms
  3 giant cockroaches
  2 goblins
  5 hobgoblins
  4 jackals
  3 quokkas
  3 ball pythons
  12 kobolds
  2 rats (D:3)
111 creatures vanquished.

Vanquished Creatures (others)
  17 blazeheart cores
17 creatures vanquished.

Grand Total: 177 creatures vanquished

Notes
Turn   | Place    | Note
-------+----------+-------------------------------------------
     0 | D:1      | CougarLife the Merfolk Summoner began the quest for the
                  | Orb.
     0 | D:1      | Reached XP level 1. HP: 13/13 MP: 3/3
   408 | D:1      | Reached XP level 2. HP: 18/19 MP: 5/5
   414 | D:1      | Learned a level 2 spell: Call Imp
  1032 | D:2      | Reached XP level 3. HP: 20/24 MP: 3/6
  1601 | D:2      | Learned a level 3 spell: Call Canine Familiar
  1663 | D:2      | Reached XP level 4. HP: 30/30 MP: 8/8
  1757 | D:3      | Found a transporter.
  1770 | D:3      | Reached skill level 5 in Summonings
  1924 | D:3      | Found a radiant altar of Vehumet.
  2108 | D:3      | Reached XP level 5. HP: 35/35 MP: 10/10
  2110 | D:3      | Found a transporter.
  2410 | D:4      | Noticed an ogre
  2429 | D:4      | Killed an ogre
  2430 | D:4      | Reached skill level 2 in Polearms
  2826 | D:4      | Found a sparkling altar of Nemelex Xobeh.
  2950 | D:4      | Reached XP level 6. HP: 38/41 MP: 7/11
  2979 | D:4      | Learned a level 4 spell: Summon Blazeheart Golem
  3253 | D:5      | Entered Level 5 of the Dungeon
  3504 | D:5      | Noticed Blork the orc
  3516 | D:5      | Killed Blork the orc
  3517 | D:5      | Reached skill level 3 in Polearms
  3517 | D:5      | Reached skill level 1 in Fire Magic
  4081 | D:5      | Found a shadowy altar of Dithmenos.
  4114 | D:6      | Found a staircase to the Ecumenical Temple.
  4119 | Temple   | Entered the Ecumenical Temple
  4130 | Temple   | Became a worshipper of Gozag Ym Sagoz the Greedy
  4283 | D:6      | Reached XP level 7. HP: 6/46 MP: 10/13
  4698 | D:6      | Reached skill level 4 in Polearms
  5162 | D:6      | Reached XP level 8. HP: 52/52 MP: 12/15
  5435 | D:6      | Reached skill level 5 in Polearms
  5435 | D:6      | Reached skill level 5 in Spellcasting
  6049 | D:7      | Noticed Maggie
  6092 | D:7      | Killed Maggie
  6111 | D:6      | Reached skill level 6 in Polearms
  6111 | D:6      | Reached XP level 9. HP: 14/57 MP: 5/17
  6620 | D:7      | Found Toalua's General Store.
  6634 | D:7      | Noticed Pikel
  6644 | D:7      | Killed Pikel
  6645 | D:7      | Reached skill level 7 in Polearms
  6645 | D:7      | Reached skill level 5 in Fire Magic
  6772 | D:7      | Reached skill level 8 in Polearms
  7328 | D:7      | Noticed Jeremiah
  7333 | D:7      | Killed Jeremiah
  7540 | D:8      | Learned a level 4 spell: Summon Lightning Spire
  7561 | D:8      | Reached XP level 10. HP: 54/63 MP: 12/20
  7666 | D:8      | Found a broken altar of Ashenzari.
  7779 | D:8      | Reached skill level 9 in Polearms
  7779 | D:8      | Reached skill level 1 in Air Magic
  8465 | D:8      | Found an ancient bone altar of Kikubaaqudgha.
  8535 | D:8      | HP: 3/63 [asphyx]
  8536 | D:8      | Succumbed to a kobold brigand's curare-tipped dart

Illustrated notes

Levels and vault maps discovered:
D:1:      roderic_lyre, layout_basic
D:2:      layout_basic, corexii_leaking_fountain
D:3:      gammafunk_steamed_eel, layout_rooms, nicolae_vehumet_radiance,
          minmay_diced_spiral
D:4:      layout_basic, mainiacjoe_overflow_small_starburst,
          chequers_serial_rivers_room_a
D:5:      layout_loops_ring, mainiacjoe_overflow_alcove_4,
          minmay_misc_feat_ornament, ebering_dispersal_statue_hall,
          uniq_blork_the_orc
D:6:      layout_loops_ring, minmay_temple_entry_statues, wad_rectangle_vault
D:7:      layout_loops_cross, serial_shops, nicolae_shop_tiny_waterfront,
          nicolae_water_bricks, uniq_jeremiah, uniq_maggie, uniq_pikel
D:8:      layout_gridville, mainiacjoe_overflow_brackets, lemuel_tele_altar,
          minmay_lair_entry_grove, serial_rivers,
          chequers_serial_rivers_small_3, chequers_serial_rivers_micro_c,
          chequers_serial_rivers_micro_a, chequers_serial_rivers_small_3
Temple:   lightli_temple_of_artemis

Skill      XL: |  1  2  3  4  5  6  7  8  9 10 |
---------------+-------------------------------+-----
Spellcasting   | 3 4 5 6 7 |  7.3
Summonings     | 5 6 7 8 |  8.8
Polearms       | 2 3 4 6 8 9 |  9.8
Fire Magic     | 1 3 4 5 |  5.0
Air Magic      | 2 |  2.5
Dodging        | |  2.6
Stealth        | |  2.1

Action                     |  1- 3 |  4- 6 |  7- 9 | 10-12 || total
---------------------------+-------+-------+-------+-------++-------
  Melee: Unarmed           |     8 |       |       |       ||     8
         Short sword       |     3 |       |       |       ||     3
         Spear             |    56 |    84 |   104 |       ||   244
         Punch             |     1 |     3 |     2 |       ||     6
         Trident           |       |       |     1 |    39 ||    40
   Cast: Summon Small Mamm |    21 |     2 |     1 |       ||    24
         Call Imp          |     8 |     8 |    11 |       ||    27
         Call Canine Famil |     1 |    24 |    37 |    12 ||    74
         Summon Blazeheart |       |       |    13 |    16 ||    29
    Use: Potion            |       |       |     2 |       ||     2
   Stab: Sleeping          |     1 |     3 |       |       ||     4
         Distracted        |     1 |     1 |     2 |     2 ||     6
 Armour: Robe              |    38 |    23 |    40 |    23 ||   124
  Dodge: Dodged            |    58 |    55 |    54 |    41 ||   208

Table legend: (Time is in decaauts)
 A = Elapsed time spent in this place.
 B = Non-inter-level travel time spent in this place.
 C = Inter-level travel time spent in this place.
 D = Time resting spent in this place.
 E = Time spent auto-exploring this place.
 F = Levels seen in this place.
 G = Mean time per level.
                   A        B        C        D        E       F      G
               +--------+--------+--------+--------+--------+-----+--------+
         Total |   8491 |   8077 |    414 |   1338 |   4388 |   9 |  943.4 |
       Dungeon |   8464 |   8062 |    402 |   1338 |   4388 |   8 | 1058.0 |
        Temple |     26 |     14 |     12 |      0 |      0 |   1 |   26.0 |
               +--------+--------+--------+--------+--------+-----+--------+

Top non-repeatable levels by time:
     D:6: 1955 daAuts
     D:7: 1427 daAuts
     D:1: 1004 daAuts
     D:8: 959 daAuts
     D:4: 869 daAuts
     D:5: 860 daAuts
     D:2: 758 daAuts
     D:3: 629 daAuts
  Temple: 26 daAuts
